 Dungeon Crawl Stone Soup version 0.27-a0-1281-ge233d83751 (webtiles) character file.

Game seed: 9664800828115684795

230 deletemesenpai the Chopper (level 6, -5/53 HPs)
             Began as a Hill Orc Fighter on June 13, 2021.
             Was an Initiate of Beogh.
             Slain by an orc warrior (15 damage)
             ... on level 4 of the Dungeon.
             The game lasted 00:08:50 (4136 turns).

deletemesenpai the Chopper (Hill Orc Fighter)       Turns: 4136, Time: 00:08:50

Health: -5/53      AC:  7    Str: 19    XL:     6   Next: 3%
Magic:  6/6        EV:  7    Int:  8    God:    Beogh [......]
Gold:   63         SH:  9    Dex: 12    Spells: 5/5 levels left

rFire    + . .     SeeInvis .   a - +0 war axe
rCold    . . .     Faith    .   c - +0 kite shield
rNeg     . . .     Spirit   .   b - +0 scale mail
rPois    .         Reflect  .   (no helmet)
rElec    .         Harm     .   (no cloak)
rCorr    .         Rampage  .   (no gloves)
Will     .....                  (no boots)
Stlth    ..........             (no amulet)
HPRegen  0.17/turn              j - ring of flight
MPRegen  0.10/turn              r - ring of protection from fire

@: mighty, flying
A: no striking features
a: Renounce Religion


You were on level 4 of the Dungeon.
You worshipped Beogh.
Beogh was noncommittal.
You visited 1 branch of the dungeon, and saw 4 of its levels.

You collected 63 gold pieces.

Inventory:

Hand Weapons
 a - a +0 war axe (weapon)
Missiles
 k - 2 javelins (quivered)
Armour
 b - a +0 scale mail (worn)
 c - a +0 kite shield (worn)
 h - a +0 plate armour
Jewellery
 f - a ring of wizardry
 j - a ring of flight (left hand)
 n - an amulet of faith
 r - a ring of protection from fire (right hand)
Scrolls
 g - a scroll of fear {unknown}
 o - 2 scrolls of enchant armour {unknown}
 p - a scroll of immolation {unknown}
 q - 2 scrolls of holy word {unknown}
 s - a scroll of enchant weapon {unknown}
 u - a scroll of fog {unknown}
 v - 2 scrolls of noise {unknown}
 w - a scroll of summoning {unknown}
Potions
 e - a potion of heal wounds
 i - 2 potions of cancellation
 l - a potion of brilliance {unknown}
 m - a potion of curing
 t - a potion of haste {unknown}


   Skills:
 + Level 4.5 Fighting
 + Level 4.9(5.2) Axes
 * Level 1.1(2.8) Maces & Flails
 * Level 1.2(2.8) Polearms
 + Level 4.4 Armour
 + Level 4.3 Shields


You had 5 spell levels left.
You didn't know any spells.
Your spell library contained the following spells:

 Spells                   Type           Power      Damage    Failure   Level
 Magic Dart               Conj           0%         1d3       99%         1
 Blink                    Tloc           N/A        N/A       100%        2
 Call Imp                 Summ           0%         N/A       100%        2
 Slow                     Hex            0%         N/A       100%        2
 Conjure Flame            Conj/Fire      0%         6-21      100%        3
 Mephitic Cloud           Conj/Pois/Air  0%         N/A       100%        3


Dungeon Overview and Level Annotations

Branches:
Dungeon (4/15)
 Temple: D:4-7

Altars:
Okawaru
Zin
The Shining One

Shops:
D:1 :

Annotations:
D:4 Menkaure


Message History

You kill the giant cockroach!
Beogh accepts your kill.
Okay, then.
You slash the orc warrior!
The orc warrior is heavily wounded.
The orc warrior hits you with a +0 scimitar!!
You closely miss the orc warrior.
The orc warrior is heavily wounded.
The orc warrior hits you but does no damage.
You block the orc warrior's attack.
You feel very mighty all of a sudden. You block the orc warrior's attack.
You barely miss the orc warrior.
The orc warrior is heavily wounded.
You block the orc warrior's attack.
You closely miss the orc warrior.
The orc warrior is heavily wounded.
You block the orc warrior's attack. x2
You slash the orc warrior!
The orc warrior is severely wounded.
You block the orc warrior's attack.
You closely miss the orc warrior.
The orc warrior is severely wounded.
You block the orc warrior's attack.
The orc warrior hits you with a +0 scimitar.
You hit the orc warrior.
The orc warrior is severely wounded.
You block the orc warrior's attack.
You barely miss the orc warrior.
The orc warrior is severely wounded.
The orc warrior hits you with a +0 scimitar!
You hit the orc warrior.
The orc warrior is almost dead.
You block the orc warrior's attack.
The orc warrior hits you with a +0 scimitar!
* * * LOW HITPOINT WARNING * * *
You barely miss the orc warrior.
The orc warrior is almost dead.
The orc warrior hits you with a +0 scimitar!
You die... ...# ...M...
M.o

...###.......
..
...##o....#
##.# ..<...#
###.. #
...####
##...###.##
####
##..#.......
# ..
##....o.#
###..#
##...##o##
....#
#....##@#
#####
####.#.###†#
# ###......#
#.# #
#....#####
#.# # #.#.##
#.# # ###.#.#
#(# # #...#>#
#.# ###.###.#
#.# ....# ..#


You could see an orc warrior and an orc.

Vanquished Creatures
  A hound (D:4)
  Jessica (D:2)
  An iguana (D:3)
  4 gnolls (D:4)
  3 adders
  An ufetubus (D:4)
  An adder skeleton (D:4)
  2 worms
  A dart slug (D:1)
  2 orcs
  3 bats
  6 endoplasms
  3 giant cockroaches
  3 goblins (D:1)
  4 hobgoblins
  6 jackals
  3 quokkas
  5 ball pythons
  3 frilled lizards
  6 kobolds
  10 rats
69 creatures vanquished.

Vanquished Creatures (others)
  An orc priest (D:4)
  An orc (D:4)
2 creatures vanquished.

Grand Total: 71 creatures vanquished

Notes
Turn   | Place    | Note
-------+----------+-------------------------------------------
     0 | D:1      | deletemesenpai the Hill Orc Fighter began the quest for the
                  | Orb.
     0 | D:1      | Reached XP level 1. HP: 19/19 MP: 1/1
   325 | D:1      | Reached XP level 2. HP: 27/27 MP: 2/2
   439 | D:1      | Found Lacliaw's Book Emporium.
   835 | D:1      | Reached XP level 3. HP: 33/33 MP: 3/3
   878 | D:2      | Noticed Jessica
   884 | D:2      | Killed Jessica
  1009 | D:2      | Reached XP level 4. HP: 40/40 MP: 4/4
  1281 | D:2      | Found a faded altar of an unknown god.
  2603 | D:3      | Found a glowing golden altar of the Shining One.
  2603 | D:3      | Found a glowing silver altar of Zin.
  2604 | D:3      | Found an iron altar of Okawaru.
  3119 | D:4      | HP: 1/40 [iguana (8)]
  3125 | D:3      | Reached XP level 5. HP: 3/47 MP: 5/5
  3717 | D:4      | Reached skill level 1 in Polearms
  3748 | D:4      | Reached skill level 1 in Maces & Flails
  3755 | D:4      | Reached XP level 6. HP: 10/53 MP: 6/6
  4066 | D:4      | Noticed Menkaure
  4117 | D:4      | Became a worshipper of Beogh the Brigand
  4117 | D:4      | Noticed an orc warrior
  4136 | D:4      | Slain by an orc warrior

Illustrated notes

Levels and vault maps discovered:
D:1:      dpeg_arrival_castle, layout_basic, serial_shops, shop_statue
D:2:      layout_rooms, ebering_ecumenical_altar_abandoned, uniq_jessica
D:3:      layout_basic, gammafunk_temple_overflow_claw, serial_curves,
          eino_curves_03, eino_curves_03, eino_curves_02
D:4:      layout_rooms, minmay_temple_entry_offerings, uniq_menkaure

Skill      XL: |  1  2  3  4  5 |
---------------+----------------+-----
Fighting       | 4 |  4.5
Axes           | 3 4 |  4.9
Armour         | 4 |  4.4
Shields        | 4 |  4.3
Polearms       | 1 |  1.2
Maces & Flails | 1 |  1.1

Action                   |  1- 3 |  4- 6 || total
-------------------------+-------+-------++-------
Melee: War axe           |    65 |   177 ||   242
Invok: Convert to Beogh  |       |     1 ||     1
  Use: Scroll            |       |     3 ||     3
       Potion            |       |     3 ||     3
Armor: Scale mail        |    33 |    79 ||   112
Dodge: Dodged            |    24 |    55 ||    79
Block: Kite shield       |    34 |   115 ||   149

Table legend: (Time is in decaauts)
 A = Elapsed time spent in this place.
 B = Non-inter-level travel time spent in this place.
 C = Inter-level travel time spent in this place.
 D = Time resting spent in this place.
 E = Time spent auto-exploring this place.
 F = Levels seen in this place.
 G = Mean time per level.
                   A        B        C        D        E       F      G
               +--------+--------+--------+--------+--------+-----+--------+
         Total |   4263 |   4074 |    189 |    897 |   2248 |   4 | 1065.8 |
       Dungeon |   4263 |   4074 |    189 |    897 |   2248 |   4 | 1065.8 |
               +--------+--------+--------+--------+--------+-----+--------+

Top non-repeatable levels by time:
     D:3: 1786 daAuts
     D:1: 906 daAuts
     D:2: 801 daAuts
     D:4: 769 daAuts
